[Event "Titled Tuesday Blitz August 22 Early 2023"]
[White "Akylbek2021"]
[Black "Suder, Jakub"]
[BlackFideId "1195310"]
[WhiteElo "2365"]
[BlackElo "2565"]
[Result "0-1"]
[Round "2"]
[TimeControl "180+1"]
[Date "2023.08.22"]
[WhiteClock "0:00:15"]
[BlackClock "0:00:48"]
[Board "169"]

1. d4 d5 2. Bf4 Nf6 3. Nc3 a6 4. e3 c5 5. dxc5 Nc6 6. a3 e5 7. Bg5 Be6 8. b4 Be7 9. Nf3 O-O 10. Be2 Qc8 11. Na4 Qc7 12. Nb6 Rad8 13. O-O d4 14. exd4 e4 15. Nd2 Nxd4 16. Re1 Nxe2+ 17. Qxe2 Ng4 18. g3 Bxg5 19. Nxe4 Be7 20. Rad1 h6 21. Nc3 Nf6 22. Rxd8 Rxd8 23. Qe5 Qxe5 24. Rxe5 Rd2 25. Re2 Rxe2 26. Nxe2 Nd5 27. Na4 Bf6 28. c4 Nc7 29. Nb6 Bb2 30. a4 Ba3 31. Nd4 Bxb4 32. c6 bxc6 33. Nxc6 Bc5 34. a5 Kf8 35. Ne5 Bd4 36. Nc6 Bc3 37. Kf1 Ke8 38. Ke2 Bd7 39. Kd3 Bxc6 40. Kxc3 Ke7 41. Kd4 Kd6 42. Nc8+ Kd7 43. Nb6+ Ke6 44. Kc5 Bf3 45. Na4 Bd1 46. Nc3 Bf3 47. Na4 h5 48. Kb6 Kd6 49. c5+ Kd7 50. Nb2 Be2 51. c6+ Kd6 52. Na4 Nd5+ 53. Kb7 Bb5 54. Nb6 Bxc6+ 55. Kxa6 Nc7+ 56. Ka7 g5 57. Nc8+ Kc5 58. Kb8 Na6+ 59. Ka7 Nb4 60. Ne7 h4 61. Nf5 h3 62. Kb8 Nd3 63. a6 Nxf2 64. a7 Ng4 65. Ne7 Be4 66. Ng8 Nxh2 67. Nf6 Bc6 68. Nd7+ Kb5 69. Ne5 Bd5 70. Nxf7 Nf3 71. Nd6+ Ka6 72. Nc8 h2 73. Ne7 Be4 74. Nc8 h1=Q 75. Nd6 Qh8+ 76. Nc8 Bb7 77. a8=Q+ Bxa8 78. Kc7 Qxc8+ 79. Kxc8 g4 80. Kc7 Nd2 81. Kd6 Bf3 82. Ke5 Ne4 83. Kf4 Kb6 84. Kf5 Nxg3+ 85. Kf4 Ne4 86. Ke3 Kc6 87. Kf4 Kd6 88. Ke3 Ke5 89. Kd3 Kf4 90. Kc4 g3 91. Kd5 g2 92. Ke6 g1=Q 93. Kf7 Qg5 94. Ke6 Qe7+ 95. Kxe7 Ke5 96. Kd7 Nf6+ 97. Ke7 Bd5 98. Kf8 Ke6 99. Kg7 Nd7 100. Kg8 Kf6+ 101. Kh8 Be4 102. Kg8 Ne5 103. Kh8 Nf7+ 104. Kg8 Bd3 105. Kf8 Bh7 106. Ke8 Ne5 107. Kd8 Ke6 108. Kc7 Nd7 109. Kc6 Bd3 110. Kc7 Ke7 111. Kc6 Bc4 112. Kc7 Bd5 113. Kc8 Kd6 114. Kd8 Bf7 115. Kc8 Nc5 116. Kd8 Nb7+ 117. Kc8 Kc6 118. Kb8 Kb6 119. Kc8 Be6+ 120. Kb8 Nc5 121. Ka8 Bf5 122. Kb8 Na6+ 123. Ka8 Be4# 0-1


[Site "https://www.chess.com"]

[Event "Titled Tuesday Blitz August 22 Early 2023"]
[White "Mostbauer, Florian"]
[Black "Young_Catalan_Player09"]
[WhiteFideId "1626671"]
[WhiteElo "2563"]
[BlackElo "2365"]
[Result "0-1"]
[Round "2"]
[TimeControl "180+1"]
[Date "2023.08.22"]
[WhiteClock "0:00:16"]
[BlackClock "0:01:21"]
[Board "170"]

1. d4 d5 2. Nf3 Nf6 3. Bf4 e6 4. e3 c5 5. c3 Nc6 6. Nbd2 cxd4 7. exd4 Nh5 8. Be3 Bd6 9. Ne5 g6 10. g4 Ng7 11. h4 h5 12. Bb5 Bd7 13. Bg5 Qc7 14. Bxc6 Bxc6 15. Bf6 Rg8 16. Qf3 hxg4 17. Nxg4 Nh5 18. Bg5 Be7 19. O-O-O a5 20. Bxe7 Qxe7 21. Ne5 Qf6 22. Qe3 Ke7 23. Ndf3 Qf4 24. Nxc6+ bxc6 25. Ne5 Rgc8 26. Rde1 c5 27. dxc5 Rxc5 28. Kc2 Qxe3 29. fxe3 a4 30. Kd3 a3 31. b3 Rac8 32. Rc1 Ng3 33. c4 Nxh1 34. Rxh1 dxc4+ 35. Nxc4 Rd8+ 36. Ke2 Rh5 37. Rh2 Rdh8 38. Nxa3 Rxh4 39. Rxh4 Rxh4 40. Nc4 Rh2+ 41. Kd3 Rxa2 42. b4 f6 43. b5 Kd7 44. Kd4 g5 45. Kc5 Rc2 46. b6 g4 47. Kd4 Rxc4+ 0-1


[Site "https://www.chess.com"]

[Event "Titled Tuesday Blitz August 22 Early 2023"]
[White "Eynullayev, Altay"]
[Black "Petrova, Irina"]
[WhiteFideId "13413562"]
[BlackFideId "14124122"]
[WhiteElo "2560"]
[BlackElo "2365"]
[Result "1-0"]
[Round "2"]
[TimeControl "180+1"]
[Date "2023.08.22"]
[WhiteClock "0:01:12"]
[BlackClock "0:01:42"]
[Board "171"]

1. d4 d6 2. Bf4 g6 3. e3 Bg7 4. Nf3 Nd7 5. h3 c5 6. c3 b6 7. Nbd2 Ngf6 8. Be2 Bb7 9. O-O O-O 10. a4 Re8 11. Bh2 e5 12. dxe5 dxe5 13. Nc4 Ne4 14. a5 Rc8 15. axb6 axb6 16. Ra7 Bc6 17. Qc2 Ra8 18. Rxd7 Qxd7 19. Nxb6 Qb7 20. Nxa8 Rxa8 21. Nxe5 Bd5 22. c4 Be6 23. Bf3 f5 24. Rd1 Qb6 25. Bxe4 fxe4 26. Qxe4 Qxb2 27. Qxa8+ 1-0


[Site "https://www.chess.com"]

[Event "Titled Tuesday Blitz August 22 Early 2023"]
[White "Grossboss19"]
[Black "Rego, Pedro Filipe"]
[BlackFideId "1904310"]
[WhiteElo "2555"]
[BlackElo "2364"]
[Result "0-1"]
[Round "2"]
[TimeControl "180+1"]
[Date "2023.08.22"]
[WhiteClock "0:00:00"]
[BlackClock "0:00:44"]
[Board "172"]

1. Nf3 d5 2. c4 e6 3. e3 Nf6 4. b3 c5 5. Bb2 Be7 6. cxd5 exd5 7. d4 Nc6 8. Be2 O-O 9. O-O h6 10. dxc5 Bxc5 11. Nc3 Be6 12. Rc1 Be7 13. Nb5 Ne4 14. Nbd4 Nxd4 15. Nxd4 Bf6 16. Bf3 Re8 17. Qd3 Qb6 18. Rfd1 Bd7 19. Ba1 Rad8 20. Qb1 Bg5 21. Re1 Nd2 22. Qd3 Nxf3+ 23. Nxf3 Bf6 24. Bxf6 Qxf6 25. Qd4 Qxd4 26. Nxd4 Rc8 27. Rcd1 g6 28. Rd2 Kg7 29. Red1 Rc5 30. h3 Rec8 31. Ne2 Be6 32. Nf4 Rc1 33. Rxc1 Rxc1+ 34. Kh2 Ra1 0-1


[Site "https://www.chess.com"]

[Event "Titled Tuesday Blitz August 22 Early 2023"]
[White "Topalov, Aleksandar"]
[Black "Moral Garcia, Serafin"]
[WhiteFideId "925659"]
[BlackFideId "2201925"]
[WhiteElo "2354"]
[BlackElo "2546"]
[Result "1/2-1/2"]
[Round "2"]
[TimeControl "180+1"]
[Date "2023.08.22"]
[WhiteClock "0:00:31"]
[BlackClock "0:00:40"]
[Board "173"]

1. b3 e5 2. Bb2 Nc6 3. c4 Nf6 4. e3 d5 5. cxd5 Nxd5 6. a3 Bd6 7. Qc2 O-O 8. d3 Be6 9. Nf3 f5 10. Nbd2 Re8 11. g3 h6 12. Be2 Qd7 13. Nc4 Bf7 14. d4 e4 15. Nfe5 Bxe5 16. Nxe5 Nxe5 17. dxe5 Re6 18. O-O c6 19. Rfd1 Qe8 20. b4 Bh5 21. b5 Bxe2 22. Qxe2 Rd8 23. bxc6 Rxc6 24. Rac1 Rxc1 25. Rxc1 Qe6 26. Bd4 b6 27. Qb5 Qd7 28. Qc4 Kh7 29. a4 Ne7 30. Qc7 Kg6 31. e6 Qd6 32. Qxa7 Qxe6 33. Rc7 Kf7 34. Bxb6 Rd1+ 35. Kg2 f4 36. exf4 e3 37. Rxe7+ Qxe7 38. Qxe7+ Kxe7 39. fxe3 Rd2+ 40. Kf3 Rxh2 41. a5 Ra2 42. g4 g6 43. f5 gxf5 44. gxf5 h5 45. Kf4 h4 46. Kg4 Ra4+ 47. Kh3 Kf6 48. Bd4+ Kxf5 49. Kxh4 Rxa5 50. Kg3 Ke4 51. Kg4 Rf5 52. Kg3 Kd3 53. Kg4 Ke4 54. Kg3 Rd5 55. Kg4 Rxd4 56. exd4 Kxd4 1/2-1/2


[Site "https://www.chess.com"]

[Event "Titled Tuesday Blitz August 22 Early 2023"]
[White "Alfaro, William"]
[Black "Martinez Reyes, Pedro Ramon"]
[WhiteFideId "6100457"]
[BlackFideId "3901807"]
[WhiteElo "2354"]
[BlackElo "2545"]
[Result "0-1"]
[Round "2"]
[TimeControl "180+1"]
[Date "2023.08.22"]
[WhiteClock "0:00:00"]
[BlackClock "0:01:03"]
[Board "174"]

1. d4 Nf6 2. c4 c5 3. d5 e6 4. Nc3 exd5 5. cxd5 Bd6 6. e4 O-O 7. Nf3 Re8 8. Bd3 Bc7 9. Bg5 d6 10. O-O Bg4 11. h3 Bxf3 12. Qxf3 Nbd7 13. Qg3 a6 14. a4 Ba5 15. Bc2 Qb6 16. Rab1 c4 17. Bh6 g6 18. Qh4 Qd4 19. Rfd1 Qe5 20. Bf4 Qe7 21. Bg5 Bd8 22. f4 Qf8 23. Rf1 Nh5 24. Bxd8 Raxd8 25. f5 Qe7 26. Qxe7 Rxe7 27. g4 Nhf6 28. g5 Nh5 29. f6 Re5 30. Rbe1 Rxg5+ 31. Kh2 Ne5 32. Ne2 Nd7 33. Nd4 Nhxf6 34. Rf3 Re5 35. Ref1 Kg7 36. Rf4 Rf8 37. Nf3 Re7 38. Ng5 h6 39. Nf3 Ng8 40. Nd4 Ne5 41. Bd1 Rc7 42. Bg4 h5 43. Ne6+ fxe6 44. Rxf8 hxg4 45. hxg4 exd5 46. exd5 Nh6 47. Rd8 Nhxg4+ 48. Kg3 Nf6 49. Rxd6 Ne4+ 0-1


[Site "https://www.chess.com"]

[Event "Titled Tuesday Blitz August 22 Early 2023"]
[White "Ozalp, Burak"]
[Black "Sreyas Payyappat"]
[WhiteFideId "6314210"]
[BlackFideId "46674969"]
[WhiteElo "2352"]
[BlackElo "2528"]
[Result "1-0"]
[Round "2"]
[TimeControl "180+1"]
[Date "2023.08.22"]
[WhiteClock "0:00:37"]
[BlackClock "0:00:00"]
[Board "175"]

1. e4 c6 2. d3 d5 3. Nf3 dxe4 4. dxe4 Qxd1+ 5. Kxd1 Bg4 6. Nd2 Nd7 7. c3 Ngf6 8. Kc2 O-O-O 9. Bc4 e6 10. Re1 Nb6 11. Bb3 Bc5 12. Re2 Nbd7 13. h3 Bh5 14. Nc4 Nxe4 15. Rxe4 Bg6 16. Nfd2 Bxf2 17. Kd1 b5 18. Nd6+ Kc7 19. Nxf7 Bxf7 20. Rf4 Bh5+ 21. g4 Be3 22. Rf3 Bxd2 23. Bxd2 Bg6 24. Re3 Nc5 25. Bc2 Bxc2+ 26. Kxc2 Rhe8 27. Rae1 Re7 28. Re5 Kb6 29. Be3 Rd5 30. Bg1 a5 31. b4 axb4 32. cxb4 1-0


[Site "https://www.chess.com"]

[Event "Titled Tuesday Blitz August 22 Early 2023"]
[White "Portela Peleteiro, Alberto"]
[Black "Okike, David"]
[WhiteFideId "22276106"]
[BlackFideId "8500134"]
[WhiteElo "2524"]
[BlackElo "2351"]
[Result "1-0"]
[Round "2"]
[TimeControl "180+1"]
[Date "2023.08.22"]
[WhiteClock "0:01:02"]
[BlackClock "0:01:01"]
[Board "176"]

1. e4 c5 2. Nc3 Nc6 3. Nge2 Nf6 4. g3 d5 5. exd5 Nxd5 6. Bg2 Nxc3 7. bxc3 e6 8. O-O Be7 9. d4 O-O 10. Be3 Qa5 11. Qd3 Rd8 12. Rfb1 a6 13. h4 Ne5 14. Qe4 Nc4 15. Bg5 Bxg5 16. hxg5 Nd2 17. Qh4 Nxb1 18. Rxb1 Qxa2 19. Re1 e5 20. g6 Be6 21. Qxh7+ Kf8 22. Qh8+ Ke7 23. Qxg7 cxd4 24. Qxe5 f6 25. Qc5+ Kd7 26. Nxd4 Rac8 27. Qb6 Re8 28. Nxe6 Rxe6 29. Bh3 Rc6 30. Qxb7+ Kd8 31. Bxe6 Rxe6 32. Rd1+ Ke8 33. Qf7# 1-0


[Site "https://www.chess.com"]

[Event "Titled Tuesday Blitz August 22 Early 2023"]
[White "Lehtosaari, Mauri"]
[Black "Tanwir, Furqan"]
[WhiteFideId "501999"]
[BlackFideId "2023962"]
[WhiteElo "2522"]
[BlackElo "2349"]
[Result "1-0"]
[Round "2"]
[TimeControl "180+1"]
[Date "2023.08.22"]
[WhiteClock "0:00:34"]
[BlackClock "0:01:29"]
[Board "177"]

1. d4 Nf6 2. Nf3 d5 3. Bg5 e6 4. Nbd2 c6 5. e3 Nbd7 6. Bd3 Be7 7. c3 h6 8. Bh4 Qb6 9. Rb1 Nf8 10. Ne5 g5 11. Bg3 N8d7 12. f4 Nxe5 13. fxe5 Nd7 14. O-O h5 15. Qf3 f5 16. exf6 Bxf6 17. Bg6+ Ke7 18. Bxh5 Rf8 19. Qg4 e5 20. Bg6 exd4 21. exd4 Nc5 22. Rbe1+ Ne4 23. Qh5 Bxd4+ 24. cxd4 Qxd4+ 25. Kh1 Qxd2 26. Qh7+ Ke6 27. Bf5+ Rxf5 28. Qxf5+ Ke7 29. Qf8+ Kd7 30. Rf7+ 1-0


[Site "https://www.chess.com"]

[Event "Titled Tuesday Blitz August 22 Early 2023"]
[White "Senft, Sean"]
[Black "Forgacs, Attila Jr."]
[WhiteFideId "2044960"]
[BlackFideId "773654"]
[WhiteElo "2344"]
[BlackElo "2518"]
[Result "1-0"]
[Round "2"]
[TimeControl "180+1"]
[Date "2023.08.22"]
[WhiteClock "0:00:29"]
[BlackClock "0:00:18"]
[Board "178"]

1. d4 Nf6 2. c4 g6 3. Nc3 d5 4. Bg5 Ne4 5. Bh4 Nxc3 6. bxc3 dxc4 7. e3 b5 8. a4 Qd5 9. axb5 Qxb5 10. Nf3 Bg7 11. Nd2 Be6 12. Rb1 Qa5 13. Qc2 Nc6 14. Bxc4 Bxc4 15. Nxc4 Qh5 16. Bg3 O-O 17. O-O e5 18. Rb7 Rfc8 19. Qa4 Nd8 20. Rxa7 Rxa7 21. Qxa7 exd4 22. cxd4 Ne6 23. Be5 Qe2 24. Bxg7 Qxc4 25. Be5 c5 26. Qe7 cxd4 27. Qf6 Kf8 28. exd4 h5 29. h3 Rd8 30. Qh8+ Ke7 31. Bf6+ Kd7 32. Bxd8 Nxd8 33. Qf6 Nc6 34. Re1 Qd5 35. Ra1 Qxd4 36. Qxd4+ Nxd4 37. Rd1 Ke6 38. Rxd4 Ke5 39. Ra4 f5 40. Kf1 Kf6 41. Ke2 h4 42. Kf3 g5 43. g4 f4 44. Ra6+ Ke5 45. Ra5+ Kd4 46. Rxg5 Kd3 47. Kxf4 Ke2 48. Rh5 Kf1 49. Rxh4 Kg2 50. Rh5 Kf1 51. Re5 Kg2 52. g5 Kxh3 53. g6 Kg2 54. g7 Kf1 55. f3 Kf2 56. Kg4 Kg2 57. Re2+ Kf1 58. Ra2 Kg1 59. f4 Kh1 60. Kg3 Kg1 61. Ra1# 1-0


[Site "https://www.chess.com"]

[Event "Titled Tuesday Blitz August 22 Early 2023"]
[White "Ziatdinov, Raset"]
[Black "Estrada Nieto, Julian"]
[WhiteFideId "2015323"]
[BlackFideId "5101018"]
[WhiteElo "2343"]
[BlackElo "2515"]
[Result "0-1"]
[Round "2"]
[TimeControl "180+1"]
[Date "2023.08.22"]
[WhiteClock "0:00:00"]
[BlackClock "0:00:29"]
[Board "179"]

1. e4 e5 2. Nf3 Nc6 3. Bb5 a6 4. Ba4 Nf6 5. O-O Be7 6. Re1 b5 7. Bb3 d6 8. c3 O-O 9. h3 Bb7 10. d4 Re8 11. Nbd2 Bf8 12. Ng5 Re7 13. d5 Nb8 14. Nf1 c6 15. Ng3 cxd5 16. Nf5 Rc7 17. exd5 Nbd7 18. a4 Nc5 19. Bc2 Bxd5 20. Nxh7 Be6 21. Ng5 bxa4 22. Qf3 e4 23. Nxe4 Ncxe4 24. Bxe4 Nxe4 25. Rxe4 Bxf5 26. Qxf5 Re7 27. Raxa4 d5 28. Rxe7 Qxe7 29. Be3 Qe6 30. Qg5 Be7 31. Qg3 Bd6 32. Qf3 Rb8 33. Rg4 Rxb2 34. h4 Rb1+ 0-1


[Site "https://www.chess.com"]

[Event "Titled Tuesday Blitz August 22 Early 2023"]
[White "ATM622"]
[Black "Pavlidou, Ekaterini"]
[BlackFideId "4213262"]
[WhiteElo "2514"]
[BlackElo "2342"]
[Result "1-0"]
[Round "2"]
[TimeControl "180+1"]
[Date "2023.08.22"]
[WhiteClock "0:00:04"]
[BlackClock "0:00:08"]
[Board "180"]

1. d4 f6 2. c4 d5 3. cxd5 c6 4. dxc6 Nxc6 5. Nf3 e5 6. d5 Bb4+ 7. Bd2 Qxd5 8. Nc3 Qe6 9. e4 Nge7 10. b3 O-O 11. Bc4 Rd8 12. Bxe6+ Bxe6 13. Qc2 Rac8 14. a3 Ba5 15. b4 Bb6 16. O-O Nd4 17. Nxd4 exd4 18. Qb2 dxc3 19. Bxc3 Rd3 20. Bxf6 Ng6 21. Bxg7 Rc7 22. Qf6 Bb3 23. Bh6 Rf7 24. Qg5 Bd8 25. Qb5 Rfd7 26. Rac1 a6 27. Qf5 Nh4 28. Qg4+ Kf7 29. Rc5 Ng6 30. Rf5+ Ke8 31. Qh5 Bf7 32. Bg5 Bxg5 33. Qxg5 Be6 34. Rf6 Bc4 35. h3 R3d4 36. Rc1 b5 37. e5 Rd1+ 38. Rxd1 Rxd1+ 39. Kh2 Rd5 40. f4 Ne7 41. Qh5+ Kd7 42. Qf7 Rd2 43. e6+ Kd6 44. Qf8 Bxe6 45. Qd8+ Kc6 46. Qxd2 Kc7 47. Rxe6 Nc6 48. Qd6+ Kb7 49. Qxc6+ Kb8 50. Re7 a5 51. f5 1-0


[Site "https://www.chess.com"]

[Event "Titled Tuesday Blitz August 22 Early 2023"]
[White "Mikhaylova, Irina"]
[Black "Perez, Maximiliano"]
[WhiteFideId "4109040"]
[BlackFideId "117234"]
[WhiteElo "2340"]
[BlackElo "2514"]
[Result "0-1"]
[Round "2"]
[TimeControl "180+1"]
[Date "2023.08.22"]
[WhiteClock "0:00:15"]
[BlackClock "0:00:19"]
[Board "181"]

1. d4 Nf6 2. Nf3 e6 3. c4 Bb4+ 4. Nbd2 d5 5. g3 O-O 6. Bg2 b6 7. O-O Be7 8. b3 Bb7 9. Bb2 c6 10. Rc1 Nbd7 11. Qc2 Rc8 12. Rfd1 Qc7 13. e4 dxe4 14. Nxe4 Nxe4 15. Qxe4 Nf6 16. Qe5 Bd6 17. Qe2 Be7 18. Qe5 Bd6 19. Qe2 Qe7 20. Re1 Rfd8 21. Rcd1 Bb4 22. Rf1 Re8 23. Ne5 Ba3 24. Bc3 Red8 25. Ng4 Ne8 26. Ba1 Nd6 27. d5 cxd5 28. cxd5 Re8 29. dxe6 Bxg2 30. Kxg2 Qxe6 31. Qxe6 Rxe6 32. Ne3 Rce8 33. Rxd6 Bxd6 34. Nc4 Bc5 35. Bc3 b5 36. Na5 b4 37. Ba1 Re2 38. Nb7 Bb6 39. Nd6 Rd8 40. Nc4 Rxa2 41. Be5 h6 42. Bd6 Re8 43. Bxb4 Bd4 44. Bd6 Ree2 45. h4 Rxf2+ 46. Rxf2 Rxf2+ 47. Kh3 h5 48. g4 Rf3+ 49. Kg2 hxg4 50. Na5 Bb6 51. Nc6 f5 52. Ne7+ Kf7 53. Nd5 Rd3 54. Nxb6 axb6 55. Bc7 Rxb3 56. Bf4 b5 57. Bg5 Rf3 58. h5 b4 59. h6 gxh6 60. Bxh6 b3 61. Bc1 Rc3 62. Ba3 Rc2+ 63. Kg3 b2 64. Bxb2 Rxb2 65. Kf4 Rf2+ 66. Kg5 g3 0-1


[Site "https://www.chess.com"]

[Event "Titled Tuesday Blitz August 22 Early 2023"]
[White "Martin Carmona, Gaston Manuel"]
[Black "Vaglio Munoz, Jaime"]
[WhiteFideId "22284567"]
[BlackFideId "6500145"]
[WhiteElo "2511"]
[BlackElo "2336"]
[Result "1-0"]
[Round "2"]
[TimeControl "180+1"]
[Date "2023.08.22"]
[WhiteClock "0:01:42"]
[BlackClock "0:01:58"]
[Board "182"]

1. e4 c5 2. Nf3 Qa5 3. c3 Nc6 4. Na3 Nf6 5. Nc4 Qc7 6. Bd3 b5 7. Ne3 a6 8. O-O e6 9. Bc2 c4 10. b3 d5 11. exd5 exd5 12. d3 cxb3 13. Bxb3 Be6 14. Ng5 O-O-O 15. Nxe6 fxe6 16. a4 b4 17. cxb4 Bxb4 18. Bb2 Kb8 19. a5 Ka8 20. Ba4 Nxa5 21. Rc1 Qb6 22. Be5 Rc8 23. Qf3 Rhf8 24. Qg3 Rf7 25. Rxc8+ Kb7 26. Rb8+ Ka7 27. Rxb6 Kxb6 28. Bd4+ Kb7 29. Rb1 Nc6 30. Bxc6+ Kxc6 31. Rxb4 Nh5 32. Rb6+ Kd7 33. Qd6+ Ke8 34. Rb8# 1-0


[Site "https://www.chess.com"]

[Event "Titled Tuesday Blitz August 22 Early 2023"]
[White "laidfrq"]
[Black "Mazurkiewicz, Michal"]
[BlackFideId "1124943"]
[WhiteElo "2335"]
[BlackElo "2510"]
[Result "1-0"]
[Round "2"]
[TimeControl "180+1"]
[Date "2023.08.22"]
[WhiteClock "0:00:14"]
[BlackClock "0:00:09"]
[Board "183"]

1. e4 d6 2. d4 Nf6 3. Nc3 c6 4. f4 Qb6 5. Nf3 Bg4 6. Be2 e6 7. O-O d5 8. e5 Nfd7 9. h3 Bxf3 10. Bxf3 c5 11. Na4 Qa5 12. c4 cxd4 13. Bd2 Bb4 14. Bxb4 Qxb4 15. cxd5 exd5 16. Bxd5 Nc6 17. a3 Qa5 18. Qb3 O-O 19. e6 Nf6 20. exf7+ Kh8 21. Be6 d3 22. Rad1 Nd4 23. Qc4 Nxe6 24. Rxd3 Nc7 25. Nc5 Qb5 26. Qd4 Ncd5 27. g4 Rac8 28. Ne6 Rc4 29. Qe5 Re4 30. Qd6 Rxf7 31. Qd8+ Qe8 32. Rxd5 Rxe6 33. Qa5 Rf8 34. f5 Nxd5 35. fxe6 Rxf1+ 36. Kxf1 Nf6 37. Qf5 Qe7 38. b4 g6 39. Qe5 Kg8 40. g5 Ne8 41. Ke2 Ng7 42. Qb8+ Ne8 43. Kd3 Qxe6 44. Qxb7 Qd6+ 45. Kc4 Qe6+ 46. Kc3 Nd6 47. Qxa7 Qf7 48. Qb8+ Kg7 49. Qxd6 Qf3+ 50. Kc4 Qe2+ 51. Kc5 Qe3+ 52. Qd4+ Qxd4+ 53. Kxd4 Kf8 54. a4 Ke7 55. a5 Ke6 56. b5 Kf5 57. a6 Kxg5 58. a7 Kh4 59. a8=Q h5 60. Qg8 g5 61. Ke4 g4 62. hxg4 1-0


[Site "https://www.chess.com"]

[Event "Titled Tuesday Blitz August 22 Early 2023"]
[White "Dinosaurio_1975"]
[Black "Bifulco, Michel"]
[BlackFideId "828580"]
[WhiteElo "2509"]
[BlackElo "2331"]
[Result "1-0"]
[Round "2"]
[TimeControl "180+1"]
[Date "2023.08.22"]
[WhiteClock "0:00:25"]
[BlackClock "0:01:21"]
[Board "184"]

1. e4 e5 2. Nf3 Nc6 3. Bc4 Nf6 4. O-O Nxe4 5. Re1 d5 6. Bb5 Bc5 7. d4 exd4 8. Nxd4 O-O 9. Bxc6 bxc6 10. Be3 Qf6 11. f3 Ng5 12. Nc3 Ne6 13. Nxc6 Bxe3+ 14. Rxe3 d4 15. Nd5 Qg5 16. Re5 Qh6 17. Nxd4 Rd8 18. Nf5 Qg5 19. Nfe7+ Qxe7 20. Nxe7+ 1-0


[Site "https://www.chess.com"]

[Event "Titled Tuesday Blitz August 22 Early 2023"]
[White "micke12a"]
[Black "Yurasova, Daria"]
[BlackFideId "34146919"]
[WhiteElo "2327"]
[BlackElo "2509"]
[Result "0-1"]
[Round "2"]
[TimeControl "180+1"]
[Date "2023.08.22"]
[WhiteClock "0:00:04"]
[BlackClock "0:00:12"]
[Board "185"]

1. e4 e5 2. Nf3 Nc6 3. Bc4 Bc5 4. c3 Nf6 5. d3 d6 6. O-O O-O 7. Re1 Bg4 8. Nbd2 Ne7 9. h3 Be6 10. Bb5 c6 11. Ba4 b5 12. Bc2 a5 13. Nf1 Bb6 14. Ng3 Ng6 15. a4 b4 16. Bd2 bxc3 17. bxc3 Nf4 18. d4 Qc7 19. Ng5 h6 20. Nh5 N6xh5 21. Nxe6 fxe6 22. g3 Nxh3+ 23. Kg2 N3f4+ 24. gxf4 Nxf4+ 25. Bxf4 exf4 26. e5 dxe5 27. Rxe5 f3+ 28. Kf1 Rad8 29. Qd3 Rf5 30. Rxf5 exf5 31. Qxf5 Qh2 32. Qxf3 Bc7 33. Re1 Bd6 34. Qxc6 Rf8 35. Qg2 Qh4 36. Re4 Qf6 37. Bb3+ Kh8 38. Re6 Qf4 39. Re1 Qd2 40. Bd5 Qxc3 41. Be4 Qc4+ 42. Kg1 Qf7 43. Bg6 Qf4 44. Re4 Qc1+ 45. Qf1 Qg5+ 46. Qg2 Qf6 47. d5 Rb8 48. Re6 Qf4 49. Qe4 Qh2+ 50. Kf1 Rf8 51. Re8 Qxf2# 0-1


[Site "https://www.chess.com"]

[Event "Titled Tuesday Blitz August 22 Early 2023"]
[White "Ardila, Oscar Humberto"]
[Black "Jaskolka, Tomasz"]
[WhiteFideId "4404742"]
[BlackFideId "1170791"]
[WhiteElo "2323"]
[BlackElo "2509"]
[Result "0-1"]
[Round "2"]
[TimeControl "180+1"]
[Date "2023.08.22"]
[WhiteClock "0:00:55"]
[BlackClock "0:00:57"]
[Board "186"]

1. d4 d5 2. c4 e5 3. dxe5 d4 4. Nf3 Nc6 5. g3 Be6 6. b3 Qd7 7. Bg2 O-O-O 8. O-O h5 9. h4 f6 10. Bf4 fxe5 11. Nxe5 Nxe5 12. Bxe5 Nf6 13. Nd2 Ng4 14. Bf4 Bd6 15. Bg5 Be7 16. Ne4 Bf5 17. Qd2 Rde8 18. Bxe7 Rxe7 19. Nc5 Qd6 20. Nxb7 Qf6 21. Nc5 g5 22. Qb4 Qb6 23. Qa3 gxh4 24. gxh4 Rg8 25. Qa6+ Qxa6 26. Nxa6 Rxe2 27. Rae1 Rxa2 28. Nc5 Ne3 29. Rxe3 dxe3 30. Kh1 Rxf2 31. Bb7+ Kb8 32. Re1 Rf4 33. Bg2 Rxh4+ 34. Kg1 Bh3 35. Re2 Rhg4 0-1


[Site "https://www.chess.com"]

[Event "Titled Tuesday Blitz August 22 Early 2023"]
[White "Goffredo_Fofi"]
[Black "Goswami, Vedant"]
[BlackFideId "5003725"]
[WhiteElo "2507"]
[BlackElo "2323"]
[Result "1-0"]
[Round "2"]
[TimeControl "180+1"]
[Date "2023.08.22"]
[WhiteClock "0:00:45"]
[BlackClock "0:00:20"]
[Board "187"]

1. d4 Nc6 2. Nf3 d5 3. e3 Bg4 4. Nbd2 e6 5. a3 Nf6 6. Bd3 Be7 7. b3 e5 8. dxe5 Nxe5 9. Be2 Nxf3+ 10. Nxf3 O-O 11. Bb2 c6 12. h3 Bh5 13. O-O Qc7 14. Nd4 Bg6 15. c4 dxc4 16. Bxc4 Rad8 17. Qf3 Be4 18. Qe2 Rfe8 19. Rac1 Bd6 20. Rfd1 Qe7 21. a4 Nd5 22. Qg4 Qe5 23. f4 Qe7 24. Nf5 g6 25. Nxe7+ Rxe7 26. Bxd5 Bxd5 27. Rxd5 cxd5 28. Bd4 1-0


[Site "https://www.chess.com"]

[Event "Titled Tuesday Blitz August 22 Early 2023"]
[White "FromTexas54"]
[Black "Davidson, Kevin"]
[BlackFideId "2056810"]
[WhiteElo "2505"]
[BlackElo "2321"]
[Result "1-0"]
[Round "2"]
[TimeControl "180+1"]
[Date "2023.08.22"]
[WhiteClock "0:02:06"]
[BlackClock "0:00:00"]
[Board "188"]

1. e4 c5 2. Nc3 a6 3. g3 b5 4. Bg2 Bb7 5. d3 e6 6. f4 Nf6 7. Nf3 b4 8. Ne2 d5 9. e5 Nfd7 10. O-O Nc6 11. g4 Be7 12. Ng3 a5 13. Kh1 a4 14. Re1 Qc7 15. f5 Ncxe5 16. Nxe5 Nxe5 17. Bf4 Bd6 18. fxe6 O-O 19. Nf5 fxe6 20. Nxd6 Rxf4 21. Nxb7 Nxg4 22. Qe2 Nf2+ 23. Kg1 Qxb7 24. Qxe6+ Kh8 25. Bxd5 Nh3+ 26. Kg2 Qb8 27. Qxh3 1-0


[Site "https://www.chess.com"]

[Event "Titled Tuesday Blitz August 22 Early 2023"]
[White "Berezin, Viktor"]
[Black "disciplinedbrat"]
[WhiteFideId "14107872"]
[WhiteElo "2504"]
[BlackElo "2321"]
[Result "0-1"]
[Round "2"]
[TimeControl "180+1"]
[Date "2023.08.22"]
[WhiteClock "0:00:01"]
[BlackClock "0:00:13"]
[Board "189"]

1. Nf3 Nf6 2. g3 b6 3. Bg2 Bb7 4. O-O e6 5. c4 Be7 6. d4 O-O 7. Nc3 d5 8. Ne5 Nbd7 9. Qa4 Nxe5 10. dxe5 Ne4 11. Nxe4 dxe4 12. Rd1 Qe8 13. Qc2 Qc6 14. Rd4 Qc5 15. Rd7 Rad8 16. Be3 Qxe5 17. Rxe7 Qd6 18. c5 Qxe7 19. c6 Bc8 20. Bxe4 g6 21. Bh6 Rfe8 22. Qc3 e5 23. h4 Rd4 24. Bd3 Qc5 25. Qe1 e4 26. Rc1 Qf5 27. Bb1 Be6 28. Be3 Rd6 29. Bf4 Rd4 30. e3 Rc4 31. Rxc4 Bxc4 32. Qc3 Qd5 33. Bc2 Qxc6 34. Bh6 f6 35. a4 Bd5 36. Qd2 Rd8 37. Bb1 Rd7 38. Bf4 Ba2 39. Bxa2+ Kg7 40. Qe2 Qc1+ 41. Kh2 Rd1 42. Kh3 h5 43. g4 Rh1+ 44. Bh2 Qg1 45. f4 hxg4+ 46. Qxg4 Rxh2# 0-1


[Site "https://www.chess.com"]

[Event "Titled Tuesday Blitz August 22 Early 2023"]
[White "Perez Rodriguez, Jennifer"]
[Black "Warchol, Kamil"]
[WhiteFideId "3507831"]
[BlackFideId "21858241"]
[WhiteElo "2319"]
[BlackElo "2503"]
[Result "0-1"]
[Round "2"]
[TimeControl "180+1"]
[Date "2023.08.22"]
[WhiteClock "0:01:14"]
[BlackClock "0:01:29"]
[Board "190"]

1. e4 c5 2. c3 d5 3. exd5 Qxd5 4. d4 Nc6 5. Nf3 Bf5 6. Be3 Nf6 7. Na3 cxd4 8. cxd4 e6 9. Bc4 Bb4+ 10. Kf1 Qa5 11. Nc2 O-O 12. Nxb4 Nxb4 13. a3 Nbd5 14. h3 Rac8 15. Bb3 Ne4 16. Qe1 Qb5+ 0-1


[Site "https://www.chess.com"]